 Dungeon Crawl Stone Soup version 0.29-a0-810-g3812dd5c9c (webtiles) character file.

Game seed: 14031489390899802118

37 Colgate the Sneak (level 3, 0/23 HPs)
             Began as a Kobold Brigand on July 4, 2022.
             Slain by a worm (5 damage)
             ... on level 2 of the Dungeon.
             The game lasted 00:02:31 (853 turns).

Colgate the Sneak (Kobold Brigand)                   Turns: 853, Time: 00:02:31

Health: 0/23       AC:  3    Str:  8    XL:     3   Next: 60%
Magic:  3/3        EV: 13    Int: 12    God:
Gold:   42         SH:  5    Dex: 18    Spells: 2/2 levels left

rFire   . . .      SeeInvis .   a - +2 dagger
rCold   . . .      Faith    .   m - +0 buckler
rNeg    . . .      Spirit   .   b - +0 robe
rPois   .          Reflect  .   (no helmet)
rElec   .          Harm     .   c - +0 cloak
rCorr   .          Rampage  .   (no gloves)
Will    .....                   (no boots)
Stlth   ++++......              (no amulet)
HPRegen 0.07/turn               (no ring)
MPRegen 0.08/turn               (no ring)

@: no status effects
A: small, no large weapons, nightstalker 3
a: no special abilities


You were on level 2 of the Dungeon.
You visited 1 branch of the dungeon, and saw 2 of its levels.

You collected 42 gold pieces.

Inventory:

Hand Weapons
 a - a +2 dagger (weapon)
Missiles
 d - 15 poisoned darts (quivered)
 e - 3 curare-tipped darts
Armour
 b - a +0 robe (worn)
 c - a +0 cloak (worn)
 m - a +0 buckler (worn)
Scrolls
 f - a scroll of teleportation {unknown}
 i - a scroll of poison {unknown}
 j - 2 scrolls of identify {unknown}
 k - a scroll of noise {unknown}
 l - a scroll of vulnerability {unknown}
Potions
 g - a potion of magic {unknown}
 h - a potion of haste {unknown}


   Skills:
 - Level 3.0 Fighting
 - Level 4.0 Short Blades
 - Level 2.1 Throwing
 - Level 1.2 Dodging
 + Level 5.6 Stealth


You had 2 spell levels left.
You didn't know any spells.
Your spell library contained the following spells:

 Spells                   Type           Power      Damage    Failure   Level
 Shock                    Conj/Air       0%         1d3       45%         1
 Swiftness                Air            0%         N/A       83%         3
 Airstrike                Air            0%         0-1+      99%         4


Dungeon Overview and Level Annotations

Branches:
Dungeon (2/15)

Altars:


Innate Abilities, Weirdness & Mutations

You are small and have problems with some larger weapons.
You are completely attuned to the shadows.


Message History

You barely miss the jackal. The jackal barely misses you.
You closely miss the jackal.
The jackal bites you but does no damage.
You hit the jackal.
You kill the jackal!
The jackal closely misses you.
You hit the jackal. The jackal barely misses you.
You hit the jackal.
You kill the jackal!
You barely miss the jackal. The jackal barely misses you.
You hit the jackal but do no damage. The jackal misses you.
The jackal bites you but does no damage.
You hit the jackal.
The jackal bites you but does no damage.
You hit the jackal.
You kill the jackal!
You hit the jackal but do no damage. The jackal barely misses you.
You hit the jackal. The jackal barely misses you.
You closely miss the jackal. The jackal bites you.
You barely miss the jackal. The jackal misses you. The jackal bites you.
You hit the jackal. The jackal barely misses you.
You hit the jackal.
You kill the jackal!
You block the worm's attack.
Things that are here:
a jackal corpse; a jackal corpse; a jackal corpse You hit the worm.
You hit the worm. The worm closely misses you.
You hit the worm. You hit the worm. The worm barely misses you.
You hit the worm. You barely miss the worm. You block the worm's attack.
You hit the worm. You hit the worm. The worm bites you!
You hit the worm but do no damage. You hit the worm but do no damage.
The worm bites you.
* * * LOW HITPOINT WARNING * * *
You hit the worm. You hit the worm. The worm bites you.
You die...

#P#######.#####
..P #.# #P##
####.### #.
.....#.#
#####.#.#
......#.#
.####.### #.#
#@# #w..# ##?.#
..# ..#


You could see a worm.

Vanquished Creatures
  A dart slug (D:1)
  3 ball pythons (D:1)
  An endoplasm (D:1)
  2 giant cockroaches (D:1)
  A goblin (D:1)
  2 hobgoblins
  8 jackals
  3 quokkas (D:1)
  2 bats
  3 kobolds
  3 rats (D:1)
29 creatures vanquished.

Notes
Turn   | Place    | Note
-------+----------+-------------------------------------------
     0 | D:1      | Colgate the Kobold Brigand began the quest for the Orb.
     0 | D:1      | Reached XP level 1. HP: 12/12 MP: 1/1
   284 | D:1      | Reached XP level 2. HP: 17/17 MP: 2/2
   452 | D:1      | Reached XP level 3. HP: 22/22 MP: 3/3
   853 | D:2      | Slain by a worm

Illustrated notes

Levels and vault maps discovered:
D:1:      dpeg_arrival_three_same_balls, layout_rooms
D:2:      layout_loops_ring, serial_aquarium, aquarium_bridge_long_separate
          [aquarium_subvault_bridge, aquarium_subvault_bridge,
          aquarium_subvault_bridge, aquarium_subvault_wall,
          aquarium_subvault_bridge, aquarium_subvault_bridge],
          aquarium_bridge_straight [aquarium_subvault_bridge,
          aquarium_subvault_balcony, aquarium_subvault_bridge,
          aquarium_subvault_wall], aquarium_window_1, aquarium_window_1,
          aquarium_window_fake, aquarium_view_2d, aquarium_view_2d,
          aquarium_balcony_5a, serial_shops, shop, grunt_ministairs_6,
          minmay_tree_intersection

Skill      XL: |  1  2  3 |
---------------+----------+-----
Short Blades   | 3 4 |  4.0
Fighting       | 3 |  3.0
Throwing       | |  2.1
Dodging        | |  1.2
Stealth        | |  5.6

Action                   || total
-------------------------++-------
Melee: Dagger            ||    71
 Stab: Sleeping          ||    18
Armor: Robe              ||     9
Dodge: Dodged            ||    25
Block: Buckler           ||     4

Table legend: (Time is in decaauts)
 A = Elapsed time spent in this place.
 B = Non-inter-level travel time spent in this place.
 C = Inter-level travel time spent in this place.
 D = Time resting spent in this place.
 E = Time spent auto-exploring this place.
 F = Levels seen in this place.
 G = Mean time per level.
                   A        B        C        D        E       F      G
               +--------+--------+--------+--------+--------+-----+--------+
         Total |    841 |    806 |     35 |    176 |    382 |   2 |  420.5 |
       Dungeon |    841 |    806 |     35 |    176 |    382 |   2 |  420.5 |
               +--------+--------+--------+--------+--------+-----+--------+

Top non-repeatable levels by time:
     D:1: 749 daAuts
     D:2: 92 daAuts
